Map: Ulrena

Players

Chris (MCanning) - Winner!

  • Race: Protoss Protoss
  • League: Diamond

Sasori

  • Race: Zerg Zerg
  • League: Diamond

VOD

Have the link to the VOD?

Description

Time

  • Played on: Nov. 12, 2015, midnight
  • Length: 14:25
Show
View Real Time Build Order
Export as new Build Order

Chris Protoss - Winner!

Build Orders: 1 Gate Expand 

Get SALT Encoding   

  12  0:00  Probe (Chrono Boost)  
  13  0:11  Probe (Chrono Boost)  
  14  0:19  Pylon  
  14  0:22  Probe (Chrono Boost)  
  15  0:37  Probe (Chrono Boost)  
  16  0:45  Gateway  
  16  0:48  Probe (Chrono Boost)  
  17  0:54  Assimilator  
  17  0:58  Probe (Chrono Boost)  
  17  1:03  Pylon  
  18  1:09  Probe (Chrono Boost)  
  19  1:19  Probe (Chrono Boost)  
  20  1:33  Nexus  
  20  1:43  Cybernetics Core  
  21  1:47  Probe (Chrono Boost)  
  21  1:52  Assimilator  
  21  1:57  Probe (Chrono Boost)  
  22  2:08  Probe (Chrono Boost)  
  23  2:12  Pylon  
  23  2:21  Probe (Chrono Boost)  
  24  2:24  Adept  
  26  2:32  Mothership Core (Chrono Boost)  
  26  2:35  Warp Gate  
  28  2:43  Gateway  
  28  2:45  Probe (Chrono Boost)  
  28  2:50  Probe (Chrono Boost)  
  30  2:55  Probe (Chrono Boost)  
  31  2:59  Stalker  
  31  3:01  Probe (Chrono Boost)  
  34  3:06  Probe (Chrono Boost)  
  34  3:11  Probe (Chrono Boost)  
  36  3:17  Probe (Chrono Boost)  
  36  3:18  Pylon  
  37  3:22  Probe (Chrono Boost)  
  38  3:27  Probe (Chrono Boost)  
  38  3:32  Probe (Chrono Boost)  
  40  3:38  Probe (Chrono Boost)  
  40  3:39  Stargate  
  41  3:43  Probe (Chrono Boost)  
  42  3:49  Gateway, Probe (Chrono Boost)  
  42  3:52  Sentry  
  45  3:57  Probe (Chrono Boost)  
  46  4:13  Pylon  
  46  4:16  Probe (Chrono Boost)  
  47  4:19  Nexus  
  47  4:22  Oracle (Chrono Boost)  
  50  4:27  Pylon  
  50  4:29  Probe, Pylon  
  51  4:33  Probe  
  51  4:37  Robotics Facility  
  52  4:39  Probe  
  52  4:45  Gateway  
  53  4:54  Gateway, Oracle (Chrono Boost)  
  53  4:56  Probe  
  53  4:58  Probe  
  57  5:07  Probe  
  57  5:12  Probe  
  57  5:13  Pylon  
  57  5:22  Pylon  
  57  5:25  Assimilator  
  57  5:27  Gateway  
  57  5:28  Observer (Chrono Boost)  
  58  5:30  Gateway  
  58  5:31  Assimilator  
  58  5:33  Sentry  
  58  5:34  Gateway, Forge  
  60  5:50  Probe, Gateway  
  60  5:51  Pylon  
  60  5:53  Pylon  
  60  5:54  Probe  
  62  5:58  Sentry  
  62  6:02  Adept  
  66  6:12  Probe, Pylon  
  66  6:16  Probe  
  68  6:20  Adept x2  
  68  6:24  Probe  
  73  6:26  Warp Prism (Chrono Boost)  
  73  6:28  Probe  
  73  6:29  Pylon  
  76  6:36  Probe  
  76  6:37  Twilight Council  
  76  6:39  Pylon  
  77  6:40  Probe  
  77  6:44  Zealot x2  
  77  6:45  Zealot x2  
  86  7:03  Probe  
  86  7:05  Observer (Chrono Boost)  
  86  7:07  Probe  
  86  7:08  Protoss Ground Weapons Level 1  
  89  7:13  Photon Cannon  
  89  7:19  Probe  
  90  7:24  Zealot  
  90  7:25  Zealot x6  
  90  7:26  Zealot  
  106  7:34  Blink (Chrono Boost)  
  104  7:42  Probe  
  85  7:45  Nexus  
  85  7:50  Pylon  
  85  7:51  Templar Archives  
  85  8:01  Adept x2  
  85  8:02  Adept x2  
  85  8:04  Pylon  
  93  8:20  Adept  
  93  8:21  Adept x2  
  99  8:32  Adept  
  99  8:33  Adept x2  
  98  8:34  Adept  
  98  8:35  Adept  
  98  8:37  Probe  
  103  8:43  Probe  
  104  8:52  Nexus  
  104  8:55  Pylon  
  104  8:57  Pylon  
  104  8:58  Pylon  
  104  9:05  High Templar  
  104  9:06  High Templar x5  
  116  9:10  Archon  
  116  9:11  Archon x2  
  116  9:16  Probe  
  116  9:18  Probe  
  117  9:29  Zealot x2  
  121  9:33  Photon Cannon  
  121  9:36  Photon Cannon  
  121  9:40  Photon Cannon  
  121  9:42  Photon Cannon  
  121  9:43  Photon Cannon  
  121  9:47  High Templar, Photon Cannon  
  121  9:48  High Templar  
  125  9:57  Zealot x3  
  131  10:00  Archon  
  131  10:01  High Templar x2  
  131  10:07  Archon, Assimilator  
  135  10:09  Assimilator  
  135  10:11  Probe  
  135  10:12  Zealot  
  138  10:25  Protoss Ground Weapons Level 2 (Chrono Boost)  
  138  10:27  Robotics Bay  
  138  10:29  Zealot x3  
  138  10:30  Pylon  
  138  10:31  Probe  
  145  10:49  Zealot  
  147  10:50  Zealot x3  
  147  10:52  Probe  
  154  11:10  Zealot x2  
  154  11:11  Zealot  
  160  11:13  Probe  
  153  11:31  Disruptor (Chrono Boost)  
  153  11:32  Psionic Storm  
  132  11:33  Gravitic Drive  
  132  11:37  Probe  
  132  11:39  Adept x5  
  143  11:40  Adept x2  
  143  11:42  Resonating Glaives (Chrono Boost)  
  143  11:46  Zealot  
  149  12:00  Adept x6  
  149  12:01  Adept  
  163  12:08  Disruptor (Chrono Boost)  
  163  12:13  Pylon x2  
  163  12:15  Pylon  
  164  12:16  Pylon x2  
  164  12:17  Pylon  
  164  12:20  Pylon  
  164  12:31  Zealot x2  
  164  12:32  Zealot  
  164  12:33  Zealot  
  172  12:38  Disruptor  
  172  12:43  Zealot x4  
  181  13:03  High Templar  
  181  13:04  High Templar x3  
  183  13:09  Archon x2  
  174  13:25  Probe  
  163  13:29  Probe  
  163  13:30  Zealot x3  
  163  13:33  Zealot  
  168  13:45  Zealot x2  
  168  13:46  Zealot  
  174  13:50  Nexus  
  171  13:56  Probe  
  171  13:57  Zealot x4  
  183  14:03  Pylon  
  183  14:07  Zealot  
  183  14:09  Pylon  
  185  14:16  Zealot x2  
  185  14:17  Zealot  
Show
View Real Time Build Order
Export as new Build Order

Sasori Zerg 

Build Orders: 3 Hatch before Pool, Zergling Baneling 

Get SALT Encoding   

  12  0:01  Drone  
  13  0:13  Overlord  
  13  0:18  Drone  
  14  0:31  Drone x2  
  16  0:36  Drone  
  17  0:46  Drone  
  18  0:59  Hatchery  
  18  1:02  Drone  
  18  1:09  Drone  
  19  1:18  Drone  
  20  1:29  Hatchery  
  20  1:31  Drone  
  21  1:40  Drone  
  21  1:47  Spawning Pool  
  21  1:50  Drone  
  21  1:53  Extractor  
  20  2:01  Overlord  
  20  2:12  Drone  
  20  2:13  Drone  
  22  2:23  Drone x2  
  24  2:34  Drone, Queen  
  24  2:35  Queen  
  29  2:40  Zergling x2  
  29  2:43  Queen  
  32  2:47  Drone  
  32  2:49  Drone  
  34  2:53  Zergling x2  
  34  2:54  Zergling x2  
  34  2:57  Zergling x2  
  37  2:58  Zergling x2  
  37  3:05  Zergling x2  
  39  3:09  Overlord x2  
  39  3:14  Zergling x2  
  39  3:19  Zergling x4  
  41  3:29  Zergling x6  
  41  3:31  Baneling Nest  
  43  3:36  Zergling x2  
  43  3:38  Metabolic Boost  
  44  3:46  Zergling x2  
  44  3:47  Zergling x8  
  49  3:58  Zergling x4  
  49  3:59  Zergling x6  
  54  4:04  Zergling x4  
  54  4:05  Zergling x2  
  54  4:07  Zergling x2  
  58  4:11  Overlord  
  58  4:21  Overlord  
  57  4:36  Zergling x2  
  57  4:37  Zergling x14  
  65  4:46  Baneling x10  
  65  4:50  Zergling x2  
  65  4:51  Zergling x2  
  67  4:53  Zergling x2  
  65  5:14  Zergling x12  
  64  5:15  Zergling x2  
  64  5:22  Drone x2, Queen  
  64  5:26  Drone x2  
  70  5:40  Drone x3  
  71  5:42  Drone  
  71  5:43  Drone x2  
  71  5:44  Drone  
  71  5:46  Drone  
  72  5:53  Spore Crawler  
  72  5:55  Spore Crawler  
  70  5:57  Drone  
  70  6:02  Drone x2  
  73  6:11  Drone x4  
  71  6:17  Drone  
  74  6:21  Overlord x2  
  73  6:29  Drone  
  74  6:37  Overlord  
  74  6:44  Drone  
  74  6:45  Drone x7  
  74  6:46  Drone x4  
  82  7:05  Spore Crawler  
  82  7:08  Drone x5  
  86  7:09  Extractor  
  86  7:12  Spine Crawler  
  86  7:13  Spine Crawler  
  86  7:14  Zergling x8  
  87  7:28  Zergling x14  
  83  7:46  Lair  
  83  7:47  Drone  
  83  7:48  Drone x3  
  87  7:53  Zergling x18  
  87  7:57  Queen  
  98  8:00  Overlord  
  98  8:12  Spore Crawler  
  98  8:16  Zergling x2  
  80  8:45  Zergling x4  
  80  8:46  Hydralisk Den, Zergling x10  
  80  8:47  Zergling x14  
  93  9:00  Zergling x8  
  93  9:01  Zergling x4  
  93  9:02  Hatchery  
  98  9:06  Overlord  
  93  9:20  Hydralisk, Muscular Augments  
  93  9:21  Hydralisk x5  
  105  9:24  Hatchery  
  105  9:28  Overlord  
  105  9:29  Hydralisk x5  
  114  9:36  Overlord x2  
  114  9:39  Extractor  
  113  9:45  Extractor  
  113  9:46  Overlord  
  113  9:47  Zergling x2  
  113  9:59  Hatchery  
  110  10:00  Hydralisk x2  
  110  10:01  Hydralisk x4  
  122  10:07  Zergling x2  
  122  10:08  Zergling x12  
  124  10:30  Evolution Chamber, Zergling x10  
  124  10:31  Zergling x6  
  124  10:32  Drone x2  
  133  10:39  Drone  
  136  10:44  Pneumatized Carapace  
  136  10:45  Hydralisk x2  
  136  10:46  Hydralisk  
  136  10:47  Zergling x6  
  145  10:58  Hydralisk  
  145  10:59  Zergling x2  
  145  11:00  Zergling x24  
  153  11:09  Drone  
  153  11:10  Drone x2  
  148  11:13  Drone x2  
  136  11:18  Drone x3  
  136  11:25  Drone x2  
  122  11:28  Zerg Missile Weapons Level 1  
  122  11:31  Drone x3  
  111  11:33  Drone  
  111  11:37  Drone  
  113  11:43  Drone x3  
  113  11:44  Drone x2  
  118  11:53  Drone x3  
  118  11:54  Drone x5  
  123  12:01  Drone  
  125  12:06  Drone x4  
  125  12:07  Drone x2  
  131  12:12  Drone x2  
  133  12:20  Drone x3  
  137  12:22  Drone  
  137  12:23  Drone x2  
  137  12:29  Drone  
  140  12:32  Extractor  
  140  12:34  Drone  
  140  12:39  Drone x3  
  140  12:40  Drone  
  143  12:46  Drone  
  143  12:47  Drone x5  
  147  13:03  Evolution Chamber, Spire  
  145  13:08  Overlord x3  
  145  13:10  Hatchery, Zergling x18  
  94  13:29  Hydralisk x2  
  94  13:30  Hydralisk x5  
  94  13:32  Zergling x6  
  94  13:33  Zergling x4  
  106  13:43  Hydralisk  
  106  13:45  Zergling x8  
  91  13:56  Hydralisk x2  
  91  13:57  Zergling x4  
  84  14:03  Zergling x4  
  84  14:06  Zergling x4  
Tags
 
Add a new tag
Caveats
  • Supply blocks, unpowered buildings, or Contaminate may cause inaccurate times.
  • Supply counts are checked every 10 seconds.